 Dungeon Crawl Stone Soup version 0.28.0-43-g3370ac3207 (webtiles) character file.

Game seed: 11020913201537993102

72 pkoi the Insei (level 3, -1/29 HPs)
             Began as a Demigod Gladiator on Mar 28, 2022.
             Slain by an orc wizard
             ... wielding a +0 dagger
              (2 damage)
             ... on level 4 of the Dungeon.
             The game lasted 00:02:59 (3130 turns).

pkoi the Insei (Demigod Gladiator)                  Turns: 3130, Time: 00:02:59

Health: -1/29      AC:  4    Str: 15    XL:     3   Next: 80%
Magic:  5/5        EV: 12    Int: 10    God:
Gold:   156        SH:  0    Dex: 19    Spells: 2/2 levels left

rFire   . . .      SeeInvis +     - Unarmed
rCold   . . .      Faith    .   (no shield)
rNeg    . . .      Spirit   .   a - +0 leather armour
rPois   .          Reflect  .   b - +0 helmet
rElec   .          Harm     .   (no cloak)
rCorr   .          Rampage  .   (no gloves)
Will    .....                   (no boots)
Stlth   +.........              (no amulet)
HPRegen 0.09/turn               l - ring of see invisible
MPRegen 0.09/turn               (no ring)

@: no status effects
A: high MP 1, forlorn, divine attributes
a: no special abilities


You were on level 4 of the Dungeon.
You visited 1 branch of the dungeon, and saw 4 of its levels.

You collected 156 gold pieces.

Inventory:

Hand Weapons
 e - a +0 short sword
 f - a +5 dagger
Missiles
 c - 3 throwing nets (quivered)
Armour
 a - a +0 leather armour (worn)
 b - a +0 helmet (worn)
Jewellery
 d - a ring of fire
 l - a ring of see invisible (left hand)
Scrolls
 i - a scroll of identify {unknown}
 n - a scroll of immolation {unknown}
Potions
 g - a potion of ambrosia
 h - a potion of mutation {unknown}
 j - a potion of might {unknown}
 k - a potion of brilliance {unknown}
 m - 2 potions of curing


   Skills:
 - Level 1.7 Fighting
 - Level 1.7 Throwing
 - Level 2.6 Dodging
 + Level 4.5 Unarmed Combat


You had 2 spell levels left.
You didn't know any spells.
Your spell library contained the following spells:

 Spells                   Type           Power      Damage    Failure   Level
 Magic Dart               Conj           0%         1d3       43%         1
 Call Imp                 Summ           0%         N/A       56%         2
 Mephitic Cloud           Conj/Pois/Air  0%         N/A       80%         3
 Summon Guardian Golem    Hex/Summ       0%         N/A       80%         3
 Orb of Destruction       Conj           0%         9d5       100%        7
 Spellforged Servitor     Conj/Summ      0%         N/A       100%        7


Dungeon Overview and Level Annotations

Branches:
Dungeon (4/15)
 Temple: D:4-7


Innate Abilities, Weirdness & Mutations

You have an increased reservoir of magic. (+10% MP)
You shall have no god before yourself.
Your divine heritage dramatically boosts your attributes as you level up.


Message History

The puff of flame hits you!
* * * LOW HITPOINT WARNING * * *
You see here a +0 club.
You miss something. Something hits you but does no damage.
You closely miss something. Something hits you.
* * * LOW HITPOINT WARNING * * *
You barely miss something.
You hear some strange, mumbled words.
You are confused.
You bump into the rock wall.
You hear some strange, mumbled words.
A magic dart appears from out of thin air!
The magic dart hits you.
* * * LOW HITPOINT WARNING * * *
You bump into the rock wall.
Something hits you but does no damage.
You are too confused!
Unknown command.
Reactivating autopickup.
l - a ring of see invisible (left hand) Unknown command.
You bump into the rock wall.
The orc wizard hits you but does no damage.
You're too confused to move!
The orc wizard hits you with a +0 dagger.
* * * LOW HITPOINT WARNING * * *
You bump into the rock wall.
The orc wizard closely misses you.
The orc wizard gestures at you while chanting.
The puff of flame hits you!
* * * LOW HITPOINT WARNING * * *
You feel less confused.
The orc wizard hits you with a +0 dagger.
* * * LOW HITPOINT WARNING * * *
You hit the orc wizard.
The orc wizard is lightly wounded.
The orc wizard hits you with a +0 dagger.
* * * LOW HITPOINT WARNING * * *
You barely miss the orc wizard.
The orc wizard is lightly wounded.
The orc wizard hits you with a +0 dagger.
You die...

#.###.#####.#####.,* **,*
#.* #.####...#***,,******
#.* #.#<..>#.......,,* #.*
#.#.##...######*,*
#.###.#.###.## *,*
##.#.†.#.# *.# *,*
###....###.##*.# *,*
#...........##.# *,*
#.#.....###@#..#*******,****
#,##.#..#*#o#.#=,,,,,,,,,,,*
*,*#.#..##.#).#,*******,**,*
*,*#......###.(.....,,,,**,*
*,*####.##,*,.......,,****,*
*,* #.#**,*######.,,* *,,
*,* #.# *,* **,** ***
*,*****,***,* *,*
*,,,,,,,,,,,* *,*


You could see an orc wizard (invisible).

Vanquished Creatures
  2 adders (D:2)
  A worm (D:2)
  2 dart slugs
  2 orcs (D:4)
  8 ball pythons
  7 bats
  5 endoplasms
  A goblin (D:1)
  4 hobgoblins
  6 kobolds
  A quokka (D:4)
  3 frilled lizards (D:1)
  A rat (D:1)
43 creatures vanquished.

Notes
Turn   | Place    | Note
-------+----------+-------------------------------------------
     0 | D:1      | pkoi the Demigod Gladiator began the quest for the Orb.
     0 | D:1      | Reached XP level 1. HP: 17/17 MP: 3/3
    73 | D:1      | Reached skill level 3 in Unarmed Combat
   547 | D:1      | Reached XP level 2. HP: 24/24 MP: 4/4
  1234 | D:2      | HP: 1/24 [adder (2)]
  1250 | D:2      | Reached XP level 3. HP: 28/29 MP: 5/5
  1403 | D:2      | Reached skill level 4 in Unarmed Combat
  2672 | D:4      | Noticed a phantom
  2753 | D:4      | Noticed an ogre
  3129 | D:4      | HP: 1/29 [orc wizard/+0 dagger (2)]
  3130 | D:4      | Slain by an orc wizard

Illustrated notes

Levels and vault maps discovered:
D:1:      scummos_arrival_hexagon, layout_loops_ring, kennysheep_flooded_box,
          corexii_item_surrounded_by_moat
D:2:      layout_rooms, shapermc_ecumenical_altar_venn
D:3:      layout_basic
D:4:      layout_loops_ring, lemuel_round_altar, uniq_natasha

Skill      XL: |  1  2  3 |
---------------+----------+-----
Unarmed Combat | 3 4 |  4.5
Fighting       | |  1.7
Throwing       | |  1.7
Dodging        | |  2.6

Action                   || total
-------------------------++-------
Melee: Unarmed           ||   171
       Punch             ||     4
  Use: Potion            ||     2
       Scroll            ||     5
 Stab: Sleeping          ||     4
Armor: Leather armour    ||    44
Dodge: Dodged            ||    96
